 Dungeon Crawl Stone Soup version 0.21-a0-460-g737a915 (webtiles) character file.

44 Kilingo the Charmwright (level 3, 0/28 HPs)
             Began as a Merfolk Skald on Nov 21, 2017.
             Was an Initiate of Elyvilon.
             Succumbed to an adder's poison
             ... on level 2 of the Dungeon.
             The game lasted 00:21:33 (2109 turns).

Kilingo the Charmwright (Merfolk Skald)             Turns: 2109, Time: 00:21:34

Health: 0/28       AC:  3    Str: 12    XL:     3   Next: 62%
Magic:  5/6        EV: 13    Int: 12    God:    Elyvilon [......]
Gold:   35         SH:  0    Dex: 13    Spells: 5/6 levels left

rFire    . . .     SeeInvis .   m - -2 spear (curse)
rCold    . . .     Gourm    .   (no shield)
rNeg     . . .     Faith    .   b - +0 leather armour
rPois    .         Spirit   .   (no helmet)
rElec    .         Reflect  .   (no cloak)
rCorr    .         Harm     .   (no gloves)
MR       .....                  (no boots)
Stlth    +.........             l - amulet of rage
HPRegen  0.09/turn              (no ring)
MPRegen  0.10/turn              (no ring)

@: lethally poisoned (0 -> -1), infused (expiring), very slightly contaminated,
hasted, very quick
A: change form in water, swift swim, stealthy swim
a: Renounce Religion, Evoke Berserk Rage


You were on level 2 of the Dungeon.
You worshipped Elyvilon.
Elyvilon was noncommittal.
You were completely stuffed.

You visited 1 branch of the dungeon, and saw 2 of its levels.

You collected 35 gold pieces.

Inventory:

Hand Weapons
 a - a +0 falchion
 d - a +0 hunting sling
 m - a cursed -2 spear (weapon)
Missiles
 e - 32 stones (quivered)
Armour
 b - a +0 leather armour (worn)
Jewellery
 l - an amulet of rage (around neck)
Books
 c - a book of Battle

   Spells                             Type                      Level
   a - Infusion                       Charms                       1
   b - Shroud of Golubria             Charms/Translocation         2
   c - Song of Slaying                Charms                       2
   d - Spectral Weapon                Hexes/Charms                 3
   e - Regeneration                   Charms/Necromancy            3
Comestibles
 g - a chunk of flesh


   Skills:
 + Level 2.8 Fighting
 + Level 2.6 Long Blades
 + Level 0.2 Throwing
 + Level 1.0 Armour
 + Level 3.3 Dodging
 + Level 0.2 Stealth
 + Level 2.1 Spellcasting
 + Level 3.6 Charms


You had 5 spell levels left.
You knew the following spells:

 Your Spells              Type           Power        Failure   Level  Hunger
a - Infusion              Chrm           ##..         8%          1    ##.....


Dungeon Overview and Level Annotations

Branches:
Dungeon (2/15)

Altars:
Elyvilon


Message History

You hit the rat.
You kill the rat!
* * * LOW HITPOINT WARNING * * *
You feel sick.
You see here a rat corpse.
You butcher the rat corpse.
You see here a chunk of flesh.
g - a chunk of flesh Your magical infusion is running out.
Blink to where?
Press: ? - help, Dir - move target cursor
As you read the scroll labeled FISCHU JIPSI, it crumbles to dust.
It was a scroll of blinking.
As you read the scroll labeled ASEUKHL QEUDD, it crumbles to dust.
It is a scroll of identify.
l - an uncursed amulet of rage Put on which piece of jewellery? (? for menu, Esc to quit)
l - an amulet of rage (around neck)
Okay, then.
You die...

###### #....#
#....# #....#
#....# #....#
#.....###
#.......######..
##.####.@.......
w.. ######.... .
....#


There were no monsters in sight!

Vanquished Creatures
  An ooze (D:1)
  A dart slug (D:1)
  2 leopard geckos
  2 bats
  3 giant cockroaches (D:1)
  7 goblins
  5 hobgoblins
  4 kobolds
  3 quokkas (D:2)
  A frilled lizard (D:2)
  5 rats
34 creatures vanquished.

Notes
Turn   | Place    | Note
-------+----------+-------------------------------------------
     0 | D:1      | Kilingo the Merfolk Skald began the quest for the Orb.
     0 | D:1      | Reached XP level 1. HP: 16/16 MP: 3/3
   461 | D:1      | Reached XP level 2. HP: 19/22 MP: 5/5
  1089 | D:1      | Reached XP level 3. HP: 28/28 MP: 6/6
  1640 | D:2      | Found a white marble altar of Elyvilon.
  1654 | D:2      | Became a worshipper of Elyvilon the Healer
  1677 | D:2      | Reached skill level 1 in Armour
  2090 | D:2      | HP: 1/28 [poisoned by an adder]
  2096 | D:2      | Elyvilon protects you from harm!
  2102 | D:2      | HP: 1/28 [poisoned by an adder]
  2109 | D:2      | Succumbed to an adder's poison

Vault maps used:
D:1:      kilobyte_arrival_exit_the_forest
D:2:      nicolae_overflow_crystal_walls, elyvilon_altar_4

Skill      XL: |  1  2  3 |
---------------+----------+-----
Dodging        | 3 |  3.3
Armour         | 1 |  1.0
Fighting       | |  2.8
Long Blades    | |  2.6
Throwing       | |  0.2
Stealth        | |  0.2
Spellcasting   | |  2.1
Charms         | |  3.6

Action                   || total
-------------------------++-------
Melee: Falchion          ||   110
       Tailslap          ||     1
       Spear             ||    13
Throw: Stone             ||    45
 Cast: Infusion          ||     6
  Use: Scroll            ||     5
       Potion            ||     1
  Eat: Chunk             ||     3
       Meat ration       ||     1
       Bread ration      ||     1
Armor: Leather armour    ||    17
Dodge: Dodged            ||   101
       Rpst.: Falchion   ||    28

Table legend:
 A = Spawn XP
 B = Non-spawn XP
 C = Spawn XP percentage of total XP
 D = Spawn monster count
 E = Non-spawn monster count
 F = Spawn count percentage of total count
 G = Total turns spent on level
                    A         B        C        D         E        F      G
               +---------+---------+-------+---------+---------+-------+---------
         Total |       0 |      64 |   0.0 |       0 |      34 |   0.0 |  2109
               +---------+---------+-------+---------+---------+-------+---------
           D:1 |       0 |      42 |   0.0 |       0 |      21 |   0.0 |  1628
           D:2 |       0 |      22 |   0.0 |       0 |      13 |   0.0 |   481
               +---------+---------+-------+---------+---------+-------+---------
